 Dungeon Crawl Stone Soup version 0.27-a0-1189-gb8eb6cee8e (webtiles) character file.

Game seed: 8706181508041777025

12 HoaS the Insei (level 2, 0/24 HPs)
             Began as a Demigod Gladiator on May 22, 2021.
             Succumbed to a kobold's poison
             ... on level 1 of the Dungeon.
             The game lasted 00:01:37 (499 turns).

HoaS the Insei (Demigod Gladiator)                   Turns: 499, Time: 00:01:37

Health: 0/24       AC:  4    Str: 15    XL:     2   Next: 9%
Magic:  4/4        EV: 12    Int: 10    God:
Gold:   47         SH:  0    Dex: 15    Spells: 1/1 levels left

rFire    . . .     SeeInvis .     - Unarmed
rCold    . . .     Faith    .   (no shield)
rNeg     . . .     Spirit   .   a - +0 leather armour
rPois    .         Reflect  .   b - +0 helmet
rElec    .         Harm     .   (no cloak)
rCorr    .         Rampage  .   (no gloves)
Will     .....                  (no boots)
Stlth    +.........             (no amulet)
HPRegen  0.08/turn              (no ring)
MPRegen  0.09/turn              (no ring)

@: lethally poisoned (0 -> -12)
A: high mp 1, forlorn
a: no special abilities


You were on level 1 of the Dungeon.
You visited 1 branch of the dungeon, and saw 1 of its levels.

You collected 47 gold pieces.

Inventory:

Missiles
 c - 3 throwing nets (quivered)
Armour
 a - a +0 leather armour (worn)
 b - a +0 helmet (worn)
Scrolls
 e - a scroll of amnesia {unknown}
 g - a scroll of identify {unknown}
 h - a scroll of noise {unknown}
Potions
 d - a potion of heal wounds {unknown}
 f - a potion of cancellation {unknown}


   Skills:
 - Level 1.7 Fighting
 - Level 1.7 Throwing
 - Level 2.6 Dodging
 + Level 3.3 Unarmed Combat


You had one spell level left.
You didn't know any spells.
Your spell library was empty.

Dungeon Overview and Level Annotations

Branches:
Dungeon (1/15)


Innate Abilities, Weirdness & Mutations

Your attributes grow dramatically as you level up.
You have an increased reservoir of magic. (+10% MP)
You shall have no god before yourself.


Message History

You now have 47 gold pieces (gained 11).
Things that are here:
a +0 club; a goblin corpse
Found a stone staircase leading down.
A rat and a kobold come into view.
The kobold is wielding a +0 dagger of venom.
Found a leather armour.
The kobold shouts!
The kobold throws a stone.
The stone hits you but does no damage.
You see here a +0 leather armour.
You barely miss the kobold. You closely miss the kobold.
The kobold hits you but does no damage.
You are poisoned.
You barely miss the kobold.
You feel very sick. The kobold barely misses you.
You closely miss the kobold.
You feel sick.
The kobold hits you with a +0 dagger of venom.
You are more poisoned.
The rat bites you but does no damage.
You hit the kobold but do no damage.
You feel very sick. The kobold barely misses you. The rat bites you.
You barely miss the kobold.
You feel very sick. The kobold hits you but does no damage.
You are lethally poisoned!
The rat barely misses you.
You barely miss the kobold.
You feel very sick.
The kobold hits you with a +0 dagger of venom.
* * * LOW HITPOINT WARNING * * *
The rat bites you but does no damage.
You hit the kobold but do no damage.
* * * LOW HITPOINT WARNING * * *
You feel very sick. The kobold closely misses you. The rat barely misses you.
You hit the kobold.
You kill the kobold!
You die...

#....# ##..##
#..# #..# #..#
####..#####
#.........#
#......[..#
#...>..@..#
.......r).......
###.....$...##...
#.........# ..
#.........# .
###########


You could see a rat.

Vanquished Creatures
  A giant cockroach (D:1)
  2 hobgoblins (D:1)
  A quokka (D:1)
  2 ball pythons (D:1)
  2 frilled lizards (D:1)
  2 goblins (D:1)
  3 kobolds (D:1)
  A rat (D:1)
14 creatures vanquished.

Notes
Turn   | Place    | Note
-------+----------+-------------------------------------------
     0 | D:1      | HoaS the Demigod Gladiator began the quest for the Orb.
     0 | D:1      | Reached XP level 1. HP: 17/17 MP: 3/3
    49 | D:1      | Reached skill level 3 in Unarmed Combat
   213 | D:1      | Reached XP level 2. HP: 10/24 MP: 4/4
   499 | D:1      | Succumbed to a kobold's poison

Illustrated notes

Levels and vault maps discovered:
D:1:      elethiomel_arrival_quiet, layout_rooms, minmay_liquid_box

Skill      XL: |  1 |
---------------+----+-----
Unarmed Combat | 3 |  3.3
Fighting       | |  1.7
Throwing       | |  1.7
Dodging        | |  2.6

Action                   || total
-------------------------++-------
Melee: Unarmed           ||    49
       Punch             ||     1
Armor: Leather armour    ||    13
Dodge: Dodged            ||    20

Table legend: (Time is in decaauts)
 A = Elapsed time spent in this place.
 B = Non-inter-level travel time spent in this place.
 C = Inter-level travel time spent in this place.
 D = Time resting spent in this place.
 E = Time spent auto-exploring this place.
 F = Levels seen in this place.
 G = Mean time per level.
                   A        B        C        D        E       F      G
               +--------+--------+--------+--------+--------+-----+--------+
         Total |    495 |    495 |      0 |    250 |    147 |   1 |  495.0 |
       Dungeon |    495 |    495 |      0 |    250 |    147 |   1 |  495.0 |
               +--------+--------+--------+--------+--------+-----+--------+

Top non-repeatable levels by time:
     D:1: 495 daAuts
